 Dungeon Crawl Stone Soup version 0.30.0-29-ga12c61a403 (webtiles) character file.

Game seed: 6250566731358640077

3392 Sabo the Gusty (level 9, -6/68 HPs)
             Began as a White Draconian Air Elementalist on June 16, 2023.
             Was a Priest of Vehumet.
             Mangled by an orange demon (10 damage)
             ... led by Amaemon
             ... on level 8 of the Dungeon on June 17, 2023.
             The game lasted 01:08:05 (11856 turns).

Sabo the Gusty (White Draconian Air Elementalist)  Turns: 11856, Time: 01:08:07

Health: -6/68      AC: 14    Str:  6    XL:     9   Next: 75%
Magic:  17/18      EV: 13    Int: 30    God:    Vehumet [***...]
Gold:   634        SH:  0    Dex: 11    Spells: 8/21 levels left

rFire   . . .        s - +12 short sword "Miwil" {elec, rC+ Str-4 Int+3 Stlth+}
rCold   + + .        (no shield)
rNeg    . . .        (body armour unavailable)
rPois   .            e - +2 hat
rElec   .            y - +1 cloak
rCorr   .            w - +2 pair of gloves
SInv    .            (no boots)
Will    .....        (no amulet)
Stlth   +++          m - +6 ring of intelligence
HPRegen 0.31/turn    E - ring of wizardry
MPRegen 0.16/turn

%: wizardry (x1)
@: lethally poisoned (-6 -> -23), short of breath, slowed, very slow
A: breathe frost, AC +7, unfitting armour, cold resistance 1, cold-blooded
a: Breathe Frost, Renounce Religion


You were on level 8 of the Dungeon.
You worshipped Vehumet.
Vehumet was most pleased with you.
You visited 2 branches of the dungeon, and saw 9 of its levels.
You also visited: Sewer.

You collected 634 gold pieces.

Inventory:

Hand Weapons
 s - the +12 short sword "Miwil" (weapon) {elec, rC+ Str-4 Int+3 Stlth+}
   (You found it on level 3 of the Dungeon)

   Str:       It affects your strength (-4).
   Int:       It affects your intelligence (+3).
   rC:        It protects you from cold.
   Stlth:     It makes you more stealthy.
 C - a +2 halberd of flaming
 F - a +2 falchion of holy wrath
 G - a +0 arbalest
Missiles
 f - 3 throwing nets
 k - 32 poisoned darts
 t - 10 curare-tipped darts
Armour
 e - a +2 hat (worn)
 w - a +2 pair of gloves (worn)
 y - a +1 cloak (worn)
Jewellery
 m - a +6 ring of intelligence (left hand)
 o - a ring of see invisible
 E - a ring of wizardry (right hand)
 J - a ring of positive energy
Wands
 r - a wand of roots (9)
 v - a wand of paralysis (10)
 H - a wand of flame (32)
 I - a wand of light (14)
Scrolls
 c - 2 scrolls of amnesia
 d - a scroll of blinking
 h - 3 scrolls of fog
 l - a scroll of enchant weapon {unknown}
 n - 2 scrolls of poison
 x - a scroll of silence
 K - a scroll of teleportation
Potions
 a - a potion of magic
 b - 3 potions of curing
 g - a potion of flight {unknown}
 i - 2 potions of resistance {unknown}
 j - 6 potions of brilliance
 p - 3 potions of might
 q - 2 potions of berserk rage {unknown}
 u - a potion of lignification {unknown}
 z - 2 potions of attraction {unknown}
 A - 4 potions of haste
 B - 3 potions of cancellation
 D - a potion of ambrosia {unknown}


   Skills:
 + Level 2.9 Fighting
 + Level 4.9 Short Blades
 + Level 0.1 Maces & Flails
 + Level 4.0 Dodging
 + Level 3.8 Stealth
 + Level 6.6 Spellcasting
 + Level 6.0 Conjurations
 + Level 7.3 Air Magic
 + Level 0.1 Evocations


You had 8 spell levels left.
You knew the following spells:

 Your Spells              Type           Power      Damage    Failure   Level
a - Shock                 Conj/Air       100%       1d9       1%          1
b - Static Discharge      Conj/Air       100%       2-7/arc   1%          2
c - Momentum Strike       Conj/Tloc      56%        3d9       1%          2
d - Ensorcelled Hibernat  Hex/Ice        18%        N/A       3%          2
e - Volatile Blastmotes   Fire/Tloc      18%        2d11      1%          3
f - Ozocubu's Armour      Ice            9%         N/A       6%          3

Your spell library contained the following spells:

 Spells                   Type           Power      Damage    Failure   Level
 Magic Dart               Conj           100%       1d8       1%          1
 Mephitic Cloud           Conj/Pois/Air  36%        N/A       1%          3
 Swiftness                Air            52%        N/A       1%          3
 Airstrike                Air            26%        2d(4-20)  1%          4
 Blink                    Tloc           18%        N/A       3%          2
 Call Imp                 Summ           18%        N/A       3%          2
 Lesser Beckoning         Tloc           18%        N/A       3%          2
 Spider Form              Tmut/Pois      9%         N/A       6%          3
 Anguish                  Hex/Necr       4%         N/A       21%         4
 Metabolic Englaciation   Hex/Ice        4%         N/A       45%         5
 Simulacrum               Ice/Necr       4%         N/A       95%         6


Dungeon Overview and Level Annotations

Branches:
Dungeon (8/15)             Temple (1/1) D:5           Sewer (visited)
   Lair: D:8-11

Altars:
Ashenzari
Fedhas
Gozag
Hepliaklqana
Kikubaaqudgha
Makhleb
Nemelex Xobeh
Okawaru
Ru
Sif Muna
Trog
Uskayaw
Vehumet
Wu Jian
Xom
Yredelemnul
Zin
The Shining One

Annotations:
D:8 Amaemon


Innate Abilities, Weirdness & Mutations

You can breathe waves of freezing cold which knock back foes.
Your icy white scales are hard. (AC +7)
You cannot fit into any form of body armour.
Your flesh is cold resistant. (rC+)
You are cold-blooded and may be slowed by cold attacks.


Message History

You have difficulty breathing.
You feel yourself slow down.
You puncture Amaemon! You tail-slap Amaemon.
Amaemon is almost dead.
You feel very sick. The scorpion barely misses you.
The scorpion closely misses you.
The scorpion stings you but does no damage.
Amaemon barely misses you. Amaemon claws you but does no damage.
Amaemon tail-slaps you. The scorpion stings you.
The scorpion closely misses you.
The scorpion stings you but does no damage.
The scorpion barely misses you. The orange demon closely misses you.
The scorpion closely misses you. The scorpion barely misses you.
You closely miss Amaemon.
Amaemon is almost dead.
You feel very sick.
The orange demon no longer looks unusually toxic.
The scorpion barely misses you.
The scorpion stings you but does no damage.
Amaemon gestures wildly while chanting.
The scorpion stings you but does no damage. x2
The scorpion stings you. The orange demon stings you from afar.
You are lethally poisoned!
The orange demon poisons you! The scorpion misses you. The scorpion stings you.
* * * LOW HITPOINT WARNING * * *
Amaemon gestures wildly while chanting.
The scorpion misses you.
You feel better.
The scorpion stings you but does no damage. x3
The orange demon barely misses you. The scorpion closely misses you.
The scorpion misses you. The scorpion stings you.
The scorpion completely misses you.
Amaemon hits you with a +0 demon whip of venom!
* * * LOW HITPOINT WARNING * * *
You are lethally poisoned!
Amaemon closely misses you. Amaemon tail-slaps you.
* * * LOW HITPOINT WARNING * * *
The scorpion closely misses you. The scorpion stings you.
* * * LOW HITPOINT WARNING * * *
The orange demon stings you from afar!
You die...

#. #....................
#....................
#....................
####+#####'###########....
.....................#....
.....................#....
.....................#....
.....>..ssss.........#....
........s@64.........#....
........ssss.........#####
################......
...... ...... ..... .....


You could see Amaemon (strong), an orange demon and 9 scorpions.

Vanquished Creatures
  Maggie (D:7)
  Prince Ribbit (D:8)
  Eustachio (D:7)
  A steam dragon (D:6)
  Menkaure (D:5)
  Duvessa (D:5)
  A sky beast (D:7)
  2 orc warriors
  A centaur (D:6)
  A phantom (D:4)
  5 kobold brigands
  Blork the orc (D:7)
  A bullfrog (D:8)
  2 gnoll sergeants
  2 scorpions
  A wight (D:7)
  Dowan (D:5)
  A howler monkey (D:6)
  3 jellies
  4 hounds (D:5)
  4 orc priests
  5 sleepcaps
  8 orc wizards
  3 iguanas
  8 gnolls
  9 adders
  7 river rats (Sewer)
  A shadow imp (D:6)
  2 ufetubi (D:6)
  2 worms
  4 dart slugs
  22 orcs
  6 bats
  11 endoplasms
  14 giant cockroaches
  7 goblins
  4 hobgoblins
  36 kobolds
  10 quokkas
  17 ball pythons
  6 frilled lizards
  20 rats
238 creatures vanquished.

Notes
Turn   | Place    | Note
-------+----------+-------------------------------------------
     0 | D:1      | Sabo the Draconian Air Elementalist began the quest for the
                  | Orb.
     0 | D:1      | Reached XP level 1. HP: 14/14 MP: 3/3
   767 | D:1      | Reached XP level 2. HP: 20/20 MP: 5/5
  1573 | D:2      | Reached XP level 3. HP: 9/26 MP: 6/6
  2610 | D:2      | Reached XP level 4. HP: 31/33 MP: 7/7
  2937 | D:2      | Learned a level 2 spell: Static Discharge
  3191 | D:3      | Identified the +12 short sword "Miwil" {elec, rC+ Str-4
                  | Int+3 Stlth+}
  3225 | D:3      | Reached skill level 4 in Air Magic
  3288 | D:3      | Reached skill level 1 in Short Blades
  3880 | D:3      | Found an opulent altar of Gozag.
  4646 | D:4      | Reached XP level 5. HP: 39/39 MP: 6/9
  4698 | D:4      | Found a basalt altar of Yredelemnul.
  5290 | D:5      | Entered Level 5 of the Dungeon
  5290 | D:5      | Noticed a phantom
  5301 | D:4      | Reached skill level 5 in Air Magic
  5301 | D:4      | Reached XP level 6. HP: 11/46 MP: 10/10
  5603 | D:5      | Found a staircase to the Ecumenical Temple.
  5619 | Temple   | Entered the Ecumenical Temple
  5738 | Temple   | Became a worshipper of Vehumet
  5867 | D:5      | Found a glowing drain.
  5895 | Sewer    | Entered a sewer
  6065 | Sewer    | Reached * piety under Vehumet
  6065 | Sewer    | Offered knowledge of Sandblast by Vehumet.
  6133 | Sewer    | Reached skill level 1 in Fighting
  6136 | Sewer    | Your scales start taking on an icy white colour.
  6136 | Sewer    | Reached XP level 7. HP: 51/52 MP: 9/11
  6136 | Sewer    | Gained mutation: Your flesh is cold resistant. (rC+) [White
                  | Draconian growth]
  6795 | D:5      | Reached ** piety under Vehumet
  6805 | D:5      | Offered knowledge of Momentum Strike by Vehumet.
  6815 | D:5      | Learned a level 2 spell: Momentum Strike
  6818 | D:5      | Learned a level 2 spell: Ensorcelled Hibernation
  6881 | D:5      | Found a burning altar of Makhleb.
  6885 | D:5      | Noticed Menkaure
  6901 | D:5      | Killed Menkaure
  6913 | D:5      | Reached XP level 8. HP: 37/60 MP: 8/14
  7405 | D:5      | Noticed Duvessa
  7405 | D:5      | Noticed Dowan
  7415 | D:5      | Killed Dowan
  7420 | D:5      | Killed Duvessa
  7421 | D:5      | Reached skill level 6 in Air Magic
  8081 | D:6      | Reached skill level 5 in Spellcasting
  8739 | D:6      | Offered knowledge of Volatile Blastmotes by Vehumet.
  9101 | D:6      | Reached skill level 5 in Conjurations
  9101 | D:6      | Reached XP level 9. HP: 67/67 MP: 13/17
  9246 | D:6      | Found a glowing golden altar of the Shining One.
  9292 | D:6      | Reached *** piety under Vehumet
 10458 | D:7      | Learned a level 3 spell: Volatile Blastmotes
 10462 | D:7      | Learned a level 3 spell: Ozocubu's Armour
 10532 | D:7      | Noticed Maggie
 10549 | D:7      | Killed Maggie
 10550 | D:7      | Reached skill level 7 in Air Magic
 10903 | D:7      | Noticed Eustachio
 10913 | D:7      | Killed Eustachio
 10991 | D:7      | Noticed Blork the orc
 11015 | D:7      | Killed Blork the orc
 11406 | D:8      | Noticed Prince Ribbit
 11416 | D:8      | Killed Prince Ribbit
 11833 | D:8      | Noticed Amaemon
 11834 | D:8      | Noticed an orange demon
 11856 | D:8      | Mangled by an orange demon

Illustrated notes

Levels and vault maps discovered:
D:1:      heliophobic_arrival_ceremonial_halls, layout_basic, nicolae_titane
D:2:      minmay_roachtagon, layout_loops_ring
D:3:      layout_basic, grunt_gozag_statues, minmay_fractal_squares_5
D:4:      layout_rooms, mainiacjoe_overflow_concentric_impassable
D:5:      layout_rooms, mainiacjoe_overflow_cross_hatched,
          minmay_temple_entry_hall, portal_sewer_entry_f,
          hangedman_minor_gate_pass, uniq_menkaure, uniq_duvessa
D:6:      layout_basic, lemuel_round_altar
D:7:      layout_basic, sword_in_stone, uniq_maggie
D:8:      layout_gridville, uniq_amaemon, uniq_prince_ribbit1
Temple:   compressed_dpeg_circular_temple

Skill      XL: |  1  2  3  4  5  6  7  8  9 |
---------------+----------------------------+-----
Dodging        | 2 3 4 |  4.0
Air Magic      | 4 5 6 7 |  7.3
Short Blades   | 1 2 3 4 |  4.9
Conjurations   | 2 3 5 6 |  6.0
Stealth        | 2 3 |  3.8
Spellcasting   | 3 4 5 6 |  6.6
Fighting       | 1 2 |  2.9
Maces & Flails | |  0.1
Evocations     | |  0.1

Action                     |  1- 3 |  4- 6 |  7- 9 || total
---------------------------+-------+-------+-------++-------
  Melee: Dagger            |    18 |       |       ||    18
         Tailslap          |    14 |     6 |    13 ||    33
         Punch             |     1 |     2 |     1 ||     4
         Short sword       |    51 |    81 |   159 ||   291
         Whip              |     2 |     4 |       ||     6
   Cast: Shock             |    63 |    80 |   198 ||   341
         Static Discharge  |       |       |     6 ||     6
Ability: Breathe Frost     |       |       |     3 ||     3
  Evoke: Wand              |       |     1 |       ||     1
    Use: Scroll            |       |    10 |     7 ||    17
         Potion            |       |     2 |     2 ||     4
   Stab: Sleeping          |       |     3 |       ||     3
 Armour: Skin              |    37 |    25 |    88 ||   150
  Dodge: Dodged            |    90 |    50 |   126 ||   266
